 Dungeon Crawl Stone Soup version 0.15-a0-674-g7948ca6 (webtiles) character file.

44 4tharraofdagon the Gusty (level 3, 0/19 HPs)
             Began as a Tengu Air Elementalist on May 9, 2014.
             Slain by a worker ant (5 damage)
             ... on Level 5 of the Dungeon.
             The game lasted 00:06:21 (589 turns).

4tharraofdagon the Gusty (Tengu Air Elementalist)    Turns: 589, Time: 00:06:21

HP   0/19        AC  3     Str  8      XL: 3   Next: 62%
MP   6/7         EV 12     Int 16      God:
Gold 19          SH  0     Dex 14      Spells:  3 memorised,  1 level left

rFire  + . .     SeeInvis .     h - +2,+1 trident (pierce)
rCold  x . .     Clarity  .     a - +0 robe
rNeg   . . .     Conserve .     (no shield)
rPois  .         rCorr    .     (helmet restricted)
rElec  .         rRot     .     p - +0 cloak
SustAb . .       Spirit   .     (no gloves)
rMut   .         Warding  .     (boots unavailable)
Saprov . . .     Stasis   .     (no amulet)
MR     .....                    (no ring)
                                d - ring of fire

@: repel missiles, not resistant to hostile enchantments, unstealthy
A: beak, talons 3
a: no special abilities


You were on level 5 of the Dungeon.
You were not hungry.

You visited 1 branch of the dungeon, and saw 5 of its levels.

You collected 19 gold pieces.

Inventory:

Hand weapons
 h - a +2,+1 trident of piercing (weapon)
 j - a +0 blowgun
Missiles
 e - 14 stones (quivered)
 k - 6 poisoned needles
Armour
 a - a +0 robe (worn)
 p - a +0 cloak (worn)
Comestibles
 c - a bread ration
 g - a meat ration
 m - an apple
 n - a pear
 q - a choko
Scrolls
 i - a scroll of identify {unknown}
 l - 3 scrolls of teleportation {unknown}
Jewellery
 d - a ring of fire (left hand)
 f - an uncursed ring of fire
Potions
 o - a potion of curing {unknown}
Books
 b - a book of Air

   Spells                             Type                      Level
   *Shock                             Conjuration/Air              1
   *Swiftness                         Charms/Air                   2
   *Repel Missiles                    Charms/Air                   2
   Flight                             Charms/Air                   3
   Static Discharge                   Conjuration/Air              3
   Lightning Bolt                     Conjuration/Air              5


   Skills:
 - Level 0.2 Fighting
 - Level 2.1 Dodging
 - Level 2.0 Stealth
 + Level 2.3 Spellcasting
 * Level 3.1 Conjurations
 - Level 4.7 Air Magic


You had one spell level left.
You knew the following spells:

 Your Spells              Type           Power        Failure   Level  Hunger
a - Shock                 Conj/Air       ##..         4%          1    #......
b - Swiftness             Chrm/Air       #.......     14%         2    ##.....
c - Repel Missiles        Chrm/Air       #.....       14%         2    ##.....


Dungeon Overview and Level Annotations

Branches:
Dungeon (5/15)
 Temple: D:4-7

Altars:
Qazlal
Xom
Yredelemnul

Shops:
D:4 *

Annotations:
D:4 Blork the orc


Innate Abilities, Weirdness & Mutations

You have a beak for a mouth.
You have claws for feet.


Message History

Found a dagger.
q - a choko A rat comes into view.
Attack whom?
Press: ? - help, Dir - move target cursor, f - rat
Aim: a rat (resting)
You reach to attack!
The helpless rat fails to defend itself.
You hit the rat.
You kill the rat!
Found a scroll labeled SKAHAS APNIAFY.
A worker ant comes into view.
Found a stone staircase leading up.
Casting: Shock
Confirm with . or Enter, or press ? or * to list all spells.
Aiming: Shock
Press: ? - help, Shift-Dir - straight line The zap hits the worker ant.
The worker ant appears unharmed.
The zap misses the worker ant.
The worker ant bites you.
You die...

.....###....#######
..................#
..#####..?#..%.##..
#...#....# #...#.####
##.##.# #.##.#
...####a##.### ..
.........@....# ...#
#######.##.#.# ..... .
#.##.#.# #.....
#.#(##.#.# #...#
#.#.##.#.#
####....####..)...#.#
........<..#+#......#
.####...##.'_'.###...#
##.. ###+#.# .[.#


You could see a worker ant.

Vanquished Creatures
  A worker ant (D:5)
  5 orcs
  2 bats
  A hobgoblin (D:3)
  3 kobolds
  A quokka (D:4)
  3 goblins
  4 rats
20 creatures vanquished.

Notes
Turn   | Place    | Note
--------------------------------------------------------------
     0 | D:1      | 4tharraofdagon, the Tengu Air Elementalist, began the quest for the Orb.
     0 | D:1      | Reached XP level 1. HP: 10/10 MP: 3/3
    78 | D:3      | Found a basalt altar of Yredelemnul.
   112 | D:3      | Reached XP level 2. HP: 12/15 MP: 0/5
   266 | D:4      | Found Shretib's General Store.
   283 | D:4      | Found a shimmering altar of Xom.
   369 | D:3      | Learned a level 2 spell: Swiftness
   372 | D:3      | Learned a level 2 spell: Repel Missiles
   495 | D:4      | Noticed Blork the orc
   526 | D:4      | Reached XP level 3. HP: 15/19 MP: 4/7
   529 | D:5      | Entered Level 5 of the Dungeon
   532 | D:5      | Found a stormy altar of Qazlal.
   589 | D:5      | Slain by a worker ant

Action                   || total
-------------------------++-------
Melee: Unarmed           ||     4
       Trident           ||    23
 Cast: Shock             ||    25
       Repel Missiles    ||     1
 Stab: Sleeping          ||     1

Vault maps used:
D:1:      dpeg_arrival_lava_temple_mockup
D:2:      bloody_trog, first_bread
D:3:      makhleb_altar_promises_db, lemuel_crystal_altar, nrook_mini_backslash
D:4:      lemuel_coloured_pillars_altar, serial_shops, nicolae_shop_crystal,
          minmay_liquid_box, uniq_blork_the_orc
D:5:      lemuel_ratsnest, lemuel_doored_altar, kennysheep_mini
